 Dungeon Crawl Stone Soup version 0.18.1-48-g4cf74bf (webtiles) character file.

87 poirepourri the Grave Robber (level 4, -12/24 HPs)
             Began as a Deep Elf Necromancer on July 6, 2016.
             Killed by divine providence
             ... invoked by an orc priest
              (13 damage)
             ... on level 3 of the Dungeon.
             The game lasted 00:03:18 (2173 turns).

poirepourri the Grave Robber (Deep Elf Necromancer) Turns: 2173, Time: 00:03:19

Health: -12/24     AC:  4    Str:  5    XL:     4   Next: 28%
Magic:  2/12       EV: 13    Int: 21    God:
Gold:   76         SH:  0    Dex: 15    Spells: 3 memorised, 6 levels left

rFire  . . .     SeeInvis .     j - +0 short sword
rCold  . . .     Gourm    .     a - +2 robe
rNeg   . . .     Faith    .     (no shield)
rPois  .         Spirit   .     (no helmet)
rElec  .         Dismiss  .     (no cloak)
rCorr  .         Reflect  .     (no gloves)
SustAt .         Harm     .     (no boots)
MR     .....                    (no amulet)
Stlth  ++........               (no ring)
                                (no ring)

@: not resistant to hostile enchantments, unstealthy
A: no striking features
a: no special abilities


You were on level 3 of the Dungeon.
You were not hungry.

You visited 1 branch of the dungeon, and saw 3 of its levels.

You collected 76 gold pieces.

Inventory:

Hand Weapons
 j - a +0 short sword (weapon)
Armour
 a - a +2 robe (worn)
Scrolls
 f - a scroll of identify {unknown}
 h - a scroll of enchant armour
Potions
 d - 2 potions of haste {unknown}
 e - 2 potions of flight {unknown}
 g - 4 potions of curing {unknown}
 i - 3 potions of agility {unknown}
Books
 b - a book of Necromancy

   Spells                             Type                      Level
   a - Pain                           Necromancy                   1
   b - Animate Skeleton               Necromancy                   1
   c - Vampiric Draining              Necromancy                   3
   d - Regeneration                   Charms/Necromancy            3
   e - Animate Dead                   Necromancy                   4
   f - Control Undead                 Necromancy                   4
Comestibles
 k - a slice of pizza


   Skills:
 + Level 2.7 Dodging
 + Level 2.8 Stealth
 + Level 4.2 Spellcasting
 + Level 6.1 Necromancy


You had 6 spell levels left.
You knew the following spells:

 Your Spells              Type           Power        Failure   Level  Hunger
a - Pain                  Necr           ####         1%          1    None
b - Animate Skeleton      Necr           N/A          1%          1    None
c - Vampiric Draining     Necr           ####......   2%          3    ###....


Dungeon Overview and Level Annotations

Branches:
Dungeon (3/15)

Altars:
Gozag
Nemelex Xobeh
Xom


Message History

Unknown command.
Casting: Pain
Confirm with . or Enter, or press ? or * to list all spells.
Aiming: Pain
Press: ? - help, Shift-Dir - straight line, f/p - orc priest
Aim: an orc priest, wielding a flail (moderately wounded, chance to defeat MR: 84%)
The orc priest convulses in agony!
The orc priest hits you but does no damage.
Unknown command.
Casting: Pain
Confirm with . or Enter, or press ? or * to list all spells.
Aiming: Pain
Press: ? - help, Shift-Dir - straight line, f/p - orc priest
Aim: an orc priest, wielding a flail (almost dead, chance to defeat MR: 84%)
The orc priest convulses in agony!
The hound bites you but does no damage. The hound misses you.
The orc priest calls down the wrath of Beogh upon you.
Beogh smites you!
Ouch! That really hurt!
You die...

.#..# #.... .... ..% #
### ..## #.#.. ...####
#.#.##.......
#...@ho..)...
###.##.))....
#....#..)....
###.####.#.....
#........##.#.#
#.#.###### .# . #.#.#
####+###+#
######'#.####.........
#...........'.........


You could see a hound and an orc priest.

Vanquished Creatures
  An adder (D:2)
  An ooze (D:1)
  A worm (D:2)
  A dart slug (D:2)
  A giant gecko (D:3)
  8 orcs
  4 giant cockroaches
  4 goblins
  5 hobgoblins
  6 jackals (D:2)
  A quokka (D:2)
  7 bats
  3 giant newts
  8 kobolds
  9 rats
60 creatures vanquished.

Notes
Turn   | Place    | Note
--------------------------------------------------------------
     0 | D:1      | poirepourri the Deep Elf Necromancer began the quest for the Orb.
     0 | D:1      | Reached XP level 1. HP: 10/10 MP: 6/6
   183 | D:1      | Reached skill level 5 in Necromancy
   326 | D:1      | Reached XP level 2. HP: 13/15 MP: 5/8
   469 | D:1      | Learned a level 1 spell: Animate Skeleton
   899 | D:2      | Reached XP level 3. HP: 12/19 MP: 3/10
  1331 | D:2      | Learned a level 3 spell: Vampiric Draining
  1627 | D:2      | Found a shimmering altar of Xom.
  1735 | D:2      | Found an opulent altar of Gozag.
  1735 | D:2      | Found a sparkling altar of Nemelex Xobeh.
  1876 | D:2      | Reached XP level 4. HP: 21/24 MP: 9/12
  2001 | D:2      | Found a shimmering altar of Xom.
  2138 | D:3      | Reached skill level 6 in Necromancy
  2173 | D:3      | Killed from afar by an orc priest

Skill      XL: |  1  2  3  4 |
---------------+-------------+-----
Necromancy     | 5 6 |  6.1
Spellcasting   | 4 |  4.2
Dodging        | |  2.7
Stealth        | |  2.8

Action                   |  1- 3 |  4- 6 || total
-------------------------+-------+-------++-------
Melee: Short sword       |     1 |       ||     1
 Cast: Pain              |    73 |    21 ||    94
       Animate Skeleton  |       |     1 ||     1
  Use: Scroll            |     7 |       ||     7
  Eat: Bread ration      |     1 |       ||     1
Armor: Robe              |     2 |     2 ||     4
Dodge: Dodged            |     8 |     1 ||     9
